 Dungeon Sprint DCSS version 0.31.0-9-g3a7656b989 (webtiles) character file.

Game seed: 4407503209839676525

20416 Heoruswealwe the Ninja (level 12, -3/70 HPs)
             Began as a Spriggan Artificer on Feb 5, 2024.
             Was an Initiate of Gozag.
             Killed by divine providence
             ... invoked by a daeva
              (12 damage)
             ... in the Dungeon (Sprint I: "Red Sonja").
             The game lasted 00:52:34 (2406 turns).

Heoruswealwe the Ninja (Spriggan Artificer)         Turns: 2406, Time: 00:52:36

Health: -3/70      AC: 25    Str: 15    XL:     12   Next: 45%
Magic:  13/13      EV: 23    Int: 12    God:    Gozag
Gold:   1607       SH:  0    Dex: 23    Spells: 11/11 levels left

rFire   + + .        a - +8 pair of quick blades "Gyre" and "Gimble" {protect}
rCold   . . .        (shield currently unavailable)
rNeg    . . .        c - +11 shadow dragon scales "Hero's Friend" {Str+7 Int-5 Dex-5 Stlth++++}
rPois   .            g - +2 hat
rElec   .            h - +0 cloak
rCorr   .            (gloves unavailable)
SInv    +            (boots unavailable)
Will    ++...        (no amulet)
Stlth   +++++        k - ring of Xom's Flight of Fancy {rF+ Dex+6 Slay+4}
HPRegen 0.31/turn    j - ring "Luok Fawk" {rF+ Int+4 Dex+2}
MPRegen 0.13/turn

%: no teleportation
@: glowing, very quick
A: very small, no large weapons, unfitting armour, see invisible, speed 3
a: Renounce Religion, Potion Petition, Call Merchant, Bribe Branch


You were in the Dungeon.
You worshipped Gozag.
Gozag was most pleased with you.
You visited 1 branch You collected 8006 gold pieces.
You spent 6368 gold pieces at shops.
You donated 31 gold pieces to Zin.

Inventory:

Hand Weapons
 a - the +8 pair of quick blades "Gyre" and "Gimble" (weapon) {protect}
   (You found it in the Dungeon)
Armour
 c - the +11 shadow dragon scales "Hero's Friend" (worn) {Str+7 Int-5 Dex-5 Stlth++++}
   (You bought it in a shop in the Dungeon)

   Str+7:     It affects your strength (+7).
   Int-5:     It affects your intelligence (-5).
   Dex-5:     It affects your dexterity (-5).
   Stlth++++: It makes you much more stealthy.
 g - a +2 hat (worn)
 h - a +0 cloak (worn)
 s - the +3 cloak of Defiance {rCorr Dex+3}
   (You found it in the Dungeon)

   Dex+3:     It affects your dexterity (+3).
   rCorr:     It protects you from acid and corrosion.
Jewellery
 j - the ring "Luok Fawk" (right hand) {rF+ Int+4 Dex+2}
   (You found it in the Dungeon)

   [ring of protection from fire]

   Int+4:     It affects your intelligence (+4).
   Dex+2:     It affects your dexterity (+2).
   rF+:       It protects you from fire.
 k - the ring of Xom's Flight of Fancy (left hand) {rF+ Dex+6 Slay+4}
   (You bought it in a shop in the Dungeon)

   [ring of dexterity]

   Dex+6:     It affects your dexterity (+6).
   Slay+4:    It affects your accuracy & damage with ranged weapons and melee
   (+4).
   rF+:       It protects you from fire.
 r - a ring of flight
Wands
 b - a wand of flame (12) (quivered)
 d - a wand of charming (17)
Scrolls
 o - a scroll of silence
 p - a scroll of revelation {unknown}
 q - 4 scrolls of enchant weapon
 t - a scroll of enchant armour
 z - a scroll of immolation {unknown}
Potions
 e - 4 potions of enlightenment
 f - 6 potions of curing
 i - a potion of resistance
 l - 2 potions of haste
 n - 2 potions of cancellation
 u - a potion of ambrosia {unknown}
 v - 3 potions of mutation
 w - 2 potions of brilliance {unknown}


   Skills:
 + Level 11.2 Fighting
 + Level 14.3 Short Blades
 + Level 19.7 Dodging
 O Level 27 Stealth
 + Level 17.2 Evocations


You had 11 spell levels left.
You didn't know any spells.
Your spell library was empty.

Dungeon Overview and Level Annotations

Branches:
Dungeon (1/1)

Altars:
Cheibriados
Dithmenos
Elyvilon
Fedhas
Gozag
Hepliaklqana
Kikubaaqudgha
Makhleb
Nemelex Xobeh
Okawaru
Qazlal
Ru
Sif Muna
Trog
Uskayaw
Vehumet
Wu Jian
Xom
Yredelemnul
Zin
The Shining One
Jiyva
Lugonu

Shops:
D (=[[***(*(:!:[**=*[!(

Annotations:
D Tiamat


Innate Abilities, Weirdness & Mutations

You are very small and have problems with some larger weapons.
You are too small for most types of armour.
You have supernaturally acute eyesight. (SInv)
You cover ground extremely quickly. (Speed+++)


Message History

a +2 great sword of flaming; a +4 great sword of flaming; a +0 great sword of flaming As you open the door, it creaks loudly!
The daeva shouts!
Found a buzzing cloak.
There is an open door here.
You see here 27 gold pieces.
You now have 1445 gold pieces (gained 27).
You see here 27 gold pieces.
You now have 1472 gold pieces (gained 27).
You see here 27 gold pieces.
You now have 1499 gold pieces (gained 27).
You see here 27 gold pieces.
You now have 1526 gold pieces (gained 27).
The daeva calls down the wrath of the Shining One upon you.
The Shining One smites you!
The daeva calls down the wrath of the Shining One upon you.
The Shining One smites you!
You see here 27 gold pieces.
You now have 1553 gold pieces (gained 27).
You see here 27 gold pieces.
You now have 1580 gold pieces (gained 27).
The daeva calls down the wrath of the Shining One upon you.
The Shining One smites you!
You see here 27 gold pieces.
You now have 1607 gold pieces (gained 27).
You see here 4 poisoned darts.
You see here a staff of death.
The daeva calls down the wrath of the Shining One upon you.
The Shining One smites you!
You see here the +3 cloak of Defiance {rCorr Dex+3}.
s - the +3 cloak of Defiance {rCorr Dex+3} The daeva calls down the wrath of the Shining One upon you.
The Shining One smites you!
* * * LOW HITPOINT WARNING * * *
Blink to where?
Press: ? - help, Dir - move target
As you read the scroll of blinking, it crumbles to dust.
The daeva calls down the wrath of the Shining One upon you.
The Shining One smites you!
You die...
Your body crumbles into a pile of gold.

###############################
')..#)?#...§'...§.§+..#..+§§§.#
#)..##'#§####§§.§.##..'..#§§§§##
#...+..#§# ##§§.#######+#§§§§§##
#####..+§# ###§#.|(## #§§§§§#.
#..##+#### #§##§..# ##§§§§#.
'..# #@§###.# ###+##. #..#
##.#A#.# #(### ##'### #..###.#
##+#§§ ##.'.# #.##...# ##§§.§§
[###.# #..#'### #§§§§§§ .∩##.#
##...# ##.§§§§§ ####§# ###.#
#....§.= ..##§# #.# #.....).
...+§# #.# ##......


You could see a daeva.

Vanquished Creatures
  A golden dragon (D)
  A shadow dragon (D)
  4 fire giants (D)
  A hydra (D)
  2 centaur warriors (D)
  A demonic crawler (D)
  Sonja (D)
  A deep troll (D)
  A lindwurm (D)
  An oklob plant (D)
  8 shining eyes (D)
  7 unseen horrors (D)
  2 kobold demonologists (D)
  A hornet (D)
  7 glass eyes (D)
  A slime creature (D)
  Sigmund (D)
  A yak (D)
  13 hogs (D)
  2 redbacks (D)
  An ogre (D)
  7 necrophages (D)
  8 jellies (D)
  Ijyb (D)
  2 ballistomycete spores (D)
76 creatures vanquished.

Vanquished Creatures (others)
  3 demonic crawlers (D)
3 creatures vanquished.

Grand Total: 79 creatures vanquished

Notes
Turn   | Place    | Note
-------+----------+-------------------------------------------
     0 | D        | Heoruswealwe the Spriggan Artificer began the quest for the
                  | Orb.
     0 | D        | Reached XP level 1. HP: 9/9 MP: 2/2
     1 | D        | Noticed Ijyb
     3 | D        | Killed Ijyb
     4 | D        | Reached skill level 9 in Stealth
     4 | D        | Reached XP level 2. HP: 14/14 MP: 3/3
    13 | D        | Noticed an ogre
    16 | D        | Killed an ogre
    17 | D        | Reached skill level 14 in Stealth
    17 | D        | Reached XP level 3. HP: 17/17 MP: 4/4
    17 | D        | Reached XP level 4. HP: 21/21 MP: 5/5
    27 | D        | Noticed Sigmund
    29 | D        | Killed Sigmund
    30 | D        | Reached skill level 18 in Stealth
    30 | D        | Reached XP level 5. HP: 20/25 MP: 6/6
    30 | D        | Reached XP level 6. HP: 23/29 MP: 7/7
    64 | D        | Found an ornate altar of the Wu Jian Council.
    64 | D        | Found a shimmering blue altar of Sif Muna.
    66 | D        | Found a radiant altar of Vehumet.
    71 | D        | Reached skill level 19 in Stealth
    73 | D        | Found Xerywa's Armour Emporium.
    73 | D        | Found an ancient bone altar of Kikubaaqudgha.
    73 | D        | Found a hazy altar of Hepliaklqana.
    73 | D        | Found a stormy altar of Qazlal.
    73 | D        | Found a hide-covered altar of Uskayaw.
    73 | D        | Found a blossoming altar of Fedhas.
    73 | D        | Found a bloodstained altar of Trog.
    73 | D        | Found an iron altar of Okawaru.
    73 | D        | Found a basalt altar of Yredelemnul.
    73 | D        | Found a glowing golden altar of the Shining One.
    73 | D        | Found a snail-covered altar of Cheibriados.
    73 | D        | Found a sacrificial altar of Ru.
    73 | D        | Found a glowing silver altar of Zin.
    73 | D        | Found a shadowy altar of Dithmenos.
    73 | D        | Found a white marble altar of Elyvilon.
    73 | D        | Noticed a yak
    74 | D        | Found an opulent altar of Gozag.
    75 | D        | Killed a yak
    76 | D        | Reached skill level 21 in Stealth
    94 | D        | Found a sparkling altar of Nemelex Xobeh.
   100 | D        | Became a worshipper of Zin the Law-Giver
   100 | D        | Reached * piety under Zin
   100 | D        | Reached ** piety under Zin
   100 | D        | Reached *** piety under Zin
   100 | D        | Reached **** piety under Zin
   100 | D        | Reached ***** piety under Zin
   100 | D        | Reached ****** piety under Zin
   128 | D        | Noticed Sonja
   132 | D        | Killed Sonja
   133 | D        | Reached skill level 25 in Stealth
   133 | D        | Reached XP level 7. HP: 32/32 MP: 8/8
   148 | D        | Found Jishovvo's Weapon Boutique.
   158 | D        | Noticed a glass eye
   158 | D        | Noticed a shining eye
   158 | D        | Noticed a shining eye
   158 | D        | Noticed a glass eye
   158 | D        | Noticed a shining eye
   158 | D        | Noticed a shining eye
   158 | D        | Noticed a shining eye
   158 | D        | Noticed a shining eye
   159 | D        | Noticed a glass eye
   160 | D        | Killed a glass eye
   161 | D        | Reached skill level 5 in Dodging
   161 | D        | Reached XP level 8. HP: 37/37 MP: 9/9
   161 | D        | Noticed a glass eye
   161 | D        | Noticed a shining eye
   161 | D        | Noticed a shining eye
   162 | D        | Killed a shining eye
   163 | D        | Reached skill level 26 in Stealth
   165 | D        | Killed a shining eye
   166 | D        | Reached skill level 10 in Dodging
   167 | D        | Killed a glass eye
   168 | D        | Reached skill level 27 in Stealth
   168 | D        | Reached XP level 9. HP: 40/40 MP: 10/10
   169 | D        | Killed a shining eye
   170 | D        | Reached skill level 5 in Evocations
   175 | D        | Killed a shining eye
   179 | D        | Killed a shining eye
   194 | D        | Reached skill level 5 in Short Blades
   201 | D        | Killed a shining eye
   210 | D        | Killed a shining eye
   211 | D        | Reached skill level 5 in Fighting
   211 | D        | Reached XP level 10. HP: 51/51 MP: 11/11
   237 | D        | Killed a shining eye
   260 | D        | Fell from the grace of Zin
   260 | D        | Became a worshipper of Gozag Ym Sagoz the Greedy
   289 | D        | Found Naqoto's Jewellery Shoppe.
   289 | D        | Found Lumaiw's Distillery.
   289 | D        | Found Xeniud's Armour Emporium.
   289 | D        | Found Ussu's Assorted Antiques.
   322 | D        | Noticed a deep troll
   326 | D        | Killed a deep troll
   327 | D        | Reached skill level 10 in Evocations
   343 | D        | Found Oruesm's Armour Emporium.
   436 | D        | Noticed a centaur warrior
   438 | D        | Noticed a centaur warrior
   440 | D        | Killed a centaur warrior
   441 | D        | Killed a centaur warrior
   442 | D        | Reached skill level 15 in Dodging
   479 | D        | Noticed an oklob plant
   481 | D        | Killed an oklob plant
   543 | D        | Reached XP level 11. HP: 54/58 MP: 12/12
   599 | D        | Reached skill level 10 in Short Blades
   616 | D        | Identified the ring "Luok Fawk" {rF+ Int+4 Dex+2}
   683 | D        | Found Cucod's Jewellery Boutique.
   683 | D        | Found Qenek's Distillery.
   683 | D        | Found Luexae's Assorted Antiques.
   685 | D        | Found Goachori's General Store.
   685 | D        | Found Ciyrr's Assorted Antiques.
   685 | D        | Found Honkavab's Antique Armour Shop.
   685 | D        | Found Uskoqypn's Book Emporium.
   685 | D        | Found Yfuinnag's Distillery.
   685 | D        | Found Vaare's Book Shoppe.
   685 | D        | Found Woheowa's Weapon Shop.
   688 | D        | Bought the ring of Xom's Flight of Fancy {rF+ Dex+6 Slay+4}
                  | for 801 gold pieces
   689 | D        | Bought a scroll labelled CEONIE KATRUWA for 27 gold pieces
   689 | D        | Bought a scroll labelled WUIPYPT KEWK for 27 gold pieces
   689 | D        | Bought a coral ring for 135 gold pieces
   689 | D        | Found Sufitih's General Store.
   690 | D        | Found Qaippora's Weapon Boutique.
   690 | D        | Found Luefioqo's Assorted Antiques.
   691 | D        | Bought a scroll labelled JAEN DULIT for 25 gold pieces
   691 | D        | Bought a scroll labelled CEONIE KATRUWA for 25 gold pieces
   691 | D        | Bought a scroll labelled FUMEN VOJEE for 25 gold pieces
   691 | D        | Bought a murky ruby potion for 22 gold pieces
   691 | D        | Found Gukhuez's Assorted Antiques.
   697 | D        | Bought a scroll of identify for 26 gold pieces
   699 | D        | Bought an orange potion for 26 gold pieces
   699 | D        | Bought a golden potion for 26 gold pieces
   699 | D        | Bought a scroll labelled KUKHAO MIGE for 29 gold pieces
   699 | D        | Bought a scroll labelled FUMEN VOJEE for 29 gold pieces
   700 | D        | Bought a scroll labelled KUKHAO MIGE for 25 gold pieces
   700 | D        | Bought a scroll of identify for 50 gold pieces
   700 | D        | Bought 3 scrolls labelled YQUPSO GYFYE for 75 gold pieces
   700 | D        | Bought a scroll labelled NOINYI XAQOBRO for 25 gold pieces
   700 | D        | Bought a scroll labelled YQUPSO GYFYE for 25 gold pieces
   818 | D        | Found a burning altar of Makhleb.
   818 | D        | Found a viscous altar of Jiyva.
   818 | D        | Found a shimmering altar of Xom.
   818 | D        | Found a corrupted altar of Lugonu.
  1024 | D        | Bought a grey potion for 23 gold pieces
  1024 | D        | Bought a scroll of blinking for 195 gold pieces
  1026 | D        | Bought a potion of heal wounds for 60 gold pieces
  1026 | D        | Bought a potion of attraction for 36 gold pieces
  1026 | D        | Bought a potion of degeneration for 12 gold pieces
  1026 | D        | Bought a potion of haste for 120 gold pieces
  1026 | D        | Bought a potion of lignification for 36 gold pieces
  1026 | D        | Bought a potion of curing for 36 gold pieces
  1026 | D        | Bought a potion of curing for 36 gold pieces
  1131 | D        | Bought 2 potions of curing for 78 gold pieces
  1131 | D        | Bought a potion of curing for 39 gold pieces
  1131 | D        | Bought a potion of curing for 39 gold pieces
  1131 | D        | Bought a potion of enlightenment for 65 gold pieces
  1131 | D        | Bought a potion of enlightenment for 65 gold pieces
  1131 | D        | Bought a potion of haste for 130 gold pieces
  1131 | D        | Bought a potion of might for 52 gold pieces
  1131 | D        | Bought a potion of mutation for 104 gold pieces
  1131 | D        | Bought a potion of cancellation for 104 gold pieces
  1131 | D        | Bought a potion of mutation for 104 gold pieces
  1134 | D        | Bought a potion of cancellation for 112 gold pieces
  1134 | D        | Bought a wand of flame (11) for 107 gold pieces
  1208 | D        | Noticed a demonic crawler
  1208 | D        | Noticed a demonic crawler
  1208 | D        | Noticed a demonic crawler
  1208 | D        | Noticed a demonic crawler
  1231 | D        | Killed a demonic crawler
  1264 | D        | Noticed a lindwurm
  1267 | D        | Killed a lindwurm
  1371 | D        | Noticed a 12-headed hydra
  1373 | D        | Killed a 12-headed hydra
  1476 | D        | Bought a potion of resistance for 140 gold pieces
  1480 | D        | Bought a potion of curing for 30 gold pieces
  1480 | D        | Bought a potion of curing for 30 gold pieces
  1480 | D        | Bought 2 potions of curing for 60 gold pieces
  1480 | D        | Bought a potion of heal wounds for 50 gold pieces
  1480 | D        | Bought a potion of curing for 30 gold pieces
  1480 | D        | Bought a potion of curing for 30 gold pieces
  1480 | D        | Bought a potion of curing for 30 gold pieces
  1483 | D        | Bought a +2 hat for 208 gold pieces
  1483 | D        | Bought 3 scrolls of enchant weapon for 292 gold pieces
  1483 | D        | Bought 3 scrolls of blinking for 292 gold pieces
  1486 | D        | Bought a potion of curing for 75 gold pieces
  1634 | D        | Noticed a shadow dragon
  1634 | D        | Noticed a golden dragon
  1634 | D        | Found the +8 pair of quick blades "Gyre" and "Gimble"
                  | {protect}
  1702 | D        | Found Evua's Weapon Shoppe.
  1705 | D        | Identified the +0 helmet of the Blind Marksman {Dex+3}
  1743 | D        | Killed a shadow dragon
  1744 | D        | Reached skill level 15 in Evocations
  1752 | D        | Killed a golden dragon
  1753 | D        | Reached skill level 10 in Fighting
  1753 | D        | Reached XP level 12. HP: 49/67 MP: 13/13
  1983 | D        | Bought translucent shadow dragon scales for 2125 gold
                  | pieces
  1983 | D        | Identified the +11 shadow dragon scales "Hero's Friend"
                  | {Str+7 Int-5 Dex-5 Stlth++++} (You bought it in a shop in
                  | the Dungeon)
  2142 | D        | Noticed a daeva
  2173 | D        | Noticed a fire giant
  2176 | D        | Noticed a fire giant
  2177 | D        | Noticed a fire giant
  2194 | D        | Killed a fire giant
  2204 | D        | Killed a fire giant
  2213 | D        | Killed a fire giant
  2331 | D        | Noticed a fire giant
  2339 | D        | Killed a fire giant
  2349 | D        | Found the +4 dragonskin cloak
  2349 | D        | Noticed Tiamat
  2403 | D        | Identified the +3 cloak of Defiance {rCorr Dex+3}
  2406 | D        | Killed from afar by a daeva

Illustrated notes

Levels and vault maps discovered:
D:        dungeon_sprint_1 [red_sonja_temple_1, red_sonja_temple_small_1]

Skill      XL: |  1  2  3  4  5  6  7  8  9 10 11 12 |
---------------+-------------------------------------+-----
Stealth        | 9 14 18 25 27 | 27.0
Dodging        | 5 11 13 15 18 19 | 19.7
Fighting       | 5 7 10 11 | 11.2
Short Blades   | 6 9 13 14 | 14.3
Evocations     | 9 12 15 17 | 17.2

Action                     |  1- 3 |  4- 6 |  7- 9 | 10-12 || total
---------------------------+-------+-------+-------+-------++-------
  Melee: Dagger            |       |     3 |    31 |   158 ||   192
         Punch             |       |       |       |     5 ||     5
         Pair of quick bla |       |       |       |   155 ||   155
  Evoke: Wand              |     4 |     2 |       |    31 ||    37
    Use: Scroll            |       |       |       |    11 ||    11
         Potion            |       |       |       |    15 ||    15
   Stab: Sleeping          |       |     3 |     7 |    25 ||    35
         Distracted        |       |       |       |     2 ||     2
 Armour: Robe              |       |     1 |       |    27 ||    28
         Shadow dragon sca |       |       |       |     9 ||     9
  Dodge: Dodged            |       |       |       |   118 ||   118
